 Dungeon Crawl Stone Soup version 0.28.0-53-g5a82cb258f (webtiles) character file.

Game seed: 17701497999268114246

22 Peloso the Shield-Bearer (level 2, 27/27 HPs)
             Began as a Minotaur Fighter on May 22, 2022.
             Got out of the dungeon alive.
             The game lasted 00:02:57 (782 turns).

Peloso the Shield-Bearer (Minotaur Fighter)          Turns: 782, Time: 00:02:57

Health: 27/27      AC:  8    Str: 20    XL:     2   Next: 68%
Magic:  1/1        EV:  9    Int:  7    God:
Gold:   55         SH:  4    Dex:  9    Spells: 1/1 levels left

rFire   . . .      SeeInvis .   a - +0 long sword
rCold   . . .      Faith    .   c - +0 buckler
rNeg    . . .      Spirit   .   b - +0 scale mail
rPois   .          Reflect  .   (helmet restricted)
rElec   .          Harm     .   (no cloak)
rCorr   .          Rampage  .   h - +0 pair of gloves
Will    .....                   (no boots)
Stlth   ..........              (no amulet)
HPRegen 0.09/turn               (no ring)
MPRegen 0.07/turn               (no ring)

@: no status effects
A: horns 2, retaliatory headbutt, clever 1, inability to read while threatened
a: no special abilities


You escaped.
You visited 1 branch of the dungeon, and saw 1 of its levels.

You collected 55 gold pieces.

Inventory:

Hand Weapons
 a - a +0 long sword (weapon)
Armour
 b - a +0 scale mail (worn)
 c - a +0 buckler (worn)
 h - a +0 pair of gloves (worn)
Scrolls
 f - a scroll of brand weapon {unknown}
 k - a scroll of vulnerability {unknown}
Potions
 d - a potion of might
 g - a potion of curing
 j - a potion of degeneration {unknown}


   Skills:
 + Level 4.0 Fighting
 + Level 2.5 Long Blades
 + Level 3.9 Armour
 + Level 0.3 Dodging
 + Level 4.2 Shields


You had one spell level left.
You didn't know any spells.
Your spell library was empty.

Dungeon Overview and Level Annotations

Branches:
Dungeon (1/15)

Altars:


Innate Abilities, Weirdness & Mutations

You have a pair of horns on your head.
You reflexively headbutt those who attack you in melee.
Your mind is acute. (Int +2)
You sometimes lose the ability to read scrolls when taking damage.


Message History

You hit the gnoll but do no damage. The gnoll hits you with a +0 club.
You hit the gnoll. You headbutt the gnoll!
The gnoll is almost dead.
The gnoll closely misses you.
You closely miss the gnoll.
The gnoll is almost dead.
The gnoll hits you with a +0 club. You block the gnoll's attack.
You hit the gnoll.
You kill the gnoll!
The dart slug barely misses you.
Your Fighting skill increases to level 4!
The dart slug launches a dart at you. The slug dart hits you.
Things that are here:
a +0 club; a gnoll corpse The dart slug bites you but does no damage.
You hit the dart slug. You headbutt the dart slug!
You kill the dart slug!
You see here a dart slug corpse.
Done exploring.
Done exploring.
Done exploring.
As you read the scroll labelled ECEGRU GYIREGRASA, it crumbles to dust.
It is a scroll of identify.
g - a potion of curing It was a potion of mutation.
You feel extremely strange.
You lose the ability to read scrolls when threatened.
You feel the urge to shout.
Really quaff the potion of mutation?
You feel extremely strange.
Your urge to shout disappears.
You can once more read scrolls while threatened.
You feel clever.
You lose the ability to read scrolls when threatened.
(D) Dungeon
Where to? (? - help)
What level of the Dungeon? (default 1, ? - help)
There is a staircase leading out of the dungeon here.
Are you sure you want to leave the Dungeon?
This will make you lose the game!
You have escaped!

#...÷.>.# #..##..# #..###..#
#.##..## #..# ##.# #.##.## #.##
#.# #.##.### #.# #.#♣♣ #.......
#.# #...♣♣♣♣ #>.####. ..#
#....♣.♣♣♣♣♣♣ ♣♣♣♣♣#.## ## ..#
###♣♣.♣.♣...♣♣♣..♣...# # ..#
♣♣♣♣..@....♣♣.♣### ### ###
♣♣...♣♣♣♣♣♣♣ ###.. # ♣♣♣♣♣ #....
######### ####.#.. ........#
#..#.#.. #######.# #....#..
############### #..####.
..........##..#####♣ ####...##..
#########[##.......####......#..#


There were no monsters in sight!

Vanquished Creatures
  A gnoll (D:1)
  A dart slug (D:1)
  A ball python (D:1)
  2 bats (D:1)
  A goblin (D:1)
  A hobgoblin (D:1)
  A quokka (D:1)
  2 frilled lizards (D:1)
  A rat (D:1)
11 creatures vanquished.

Notes
Turn   | Place    | Note
-------+----------+-------------------------------------------
     0 | D:1      | Peloso the Minotaur Fighter began the quest for the Orb.
     0 | D:1      | Reached XP level 1. HP: 19/19 MP: 0/0
   361 | D:1      | Found a faded altar of an unknown god.
   484 | D:1      | Reached XP level 2. HP: 24/27 MP: 1/1
   752 | D:1      | Gained mutation: You sometimes lose the ability to read
                  | scrolls when taking damage. [potion of mutation]
   752 | D:1      | Gained mutation: You occasionally shout uncontrollably at
                  | your foes. [potion of mutation]
   753 | D:1      | Lost mutation: You occasionally shout uncontrollably at
                  | your foes. [potion of mutation]
   753 | D:1      | Lost mutation: You sometimes lose the ability to read
                  | scrolls when taking damage. [potion of mutation]
   753 | D:1      | Gained mutation: Your mind is acute. (Int +2) [potion of
                  | mutation]
   753 | D:1      | Gained mutation: You sometimes lose the ability to read
                  | scrolls when taking damage. [potion of mutation]
   782 | D:$      | Got out of the dungeon alive.

Illustrated notes

Levels and vault maps discovered:
D:1:      roderic_dead_forest, layout_rooms,
          hellmonk_ecumenical_altar_inner_sanctum

Skill      XL: |  1  2 |
---------------+-------+-----
Shields        | 4 |  4.2
Fighting       | 4 |  4.0
Long Blades    | |  2.5
Armour         | |  3.9
Dodging        | |  0.3

Action                   || total
-------------------------++-------
Melee: Long sword        ||    27
       Headbutt          ||     5
  Use: Potion            ||     2
       Scroll            ||     1
Armor: Scale mail        ||    15
Dodge: Dodged            ||    19
Block: Buckler           ||     6
